 Dungeon Crawl Stone Soup version 0.23.2 (webtiles) character file.

Game seed: 11408394762841448009

62022 cklessthan3 the Bludgeoner (level 14, -3/127 HPs)
             Began as a Minotaur Berserker on Apr 2, 2019.
             Was a High Priest of Trog.
             Killed by divine providence
             ... invoked by Saint Roka
              (10 damage)
             ... on level 2 of the Orcish Mines.
             The game lasted 01:41:56 (19654 turns).

cklessthan3 the Bludgeoner (Minotaur Berserker)    Turns: 19654, Time: 01:41:56

Health: -3/127     AC: 25    Str: 27    XL:     14   Next: 62%
Magic:  4/4        EV:  7    Int:  4    God:    Trog [*****.]
Gold:   1782       SH: 21    Dex: 10    Spells: 13/13 levels left

rFire    + . .     SeeInvis +   u - +3 morningstar (antimagic)
rCold    . . .     Gourm    .   J - +0 large shield
rNeg     . . .     Faith    +   M - +4 plate armour
rPois    .         Spirit   .   (helmet restricted)
rElec    .         Reflect  .   (no cloak)
rCorr    .         Harm     .   w - +2 pair of gloves
MR       +++..                  l - +0 pair of boots
Stlth    ..........             d - amulet of faith
HPRegen  1.31/turn              Z - ring of protection from fire
MPRegen  0.09/turn              H - ring of see invisible

@: regenerating, lightly drained
A: retaliatory headbutt, horns 2
a: Berserk, Trog's Hand, Brothers in Arms, Renounce Religion


You were on level 2 of the Orcish Mines.
You worshipped Trog.
Trog was extremely pleased with you.
You were not hungry.

You visited 3 branches of the dungeon, and saw 20 of its levels.
You also visited: Bailey.

You collected 2224 gold pieces.
You spent 442 gold pieces at shops.

Inventory:

Hand Weapons
 a - a +7 mace
 g - a +3 morningstar of venom
 u - a +3 antimagic morningstar (weapon)
 N - the +1 war axe of Quantum Leap {flame, +Fly rElec rF+ Stlth+}
   (You found it on level 3 of the Lair of Beasts)

   It has been specially enchanted to burn those struck by it, causing extra
   injury to most foes and up to half again as much damage against particularly
   susceptible opponents.
   Big, fiery blades are also staple armaments of hydra-hunters.
   It protects you from fire.
   It insulates you from electricity.
   It lets you fly.
   It makes you more stealthy.
Missiles
 A - 29 tomahawks
 L - 9 javelins of returning (quivered)
Armour
 l - a +0 pair of boots (worn)
 w - a +2 pair of gloves (worn)
 J - a +0 large shield (worn)
 M - a +4 plate armour (worn)
Jewellery
 b - an uncursed amulet of magic regeneration
 d - an amulet of faith (around neck)
 z - an uncursed ring of stealth
 F - an uncursed ring of positive energy
 H - a ring of see invisible (right hand)
 Z - a ring of protection from fire (left hand)
Wands
 y - a wand of paralysis (11)
 C - a wand of iceblast (15)
 I - a wand of digging (8)
 K - a wand of acid (22)
 U - a wand of flame (73)
Scrolls
 h - 7 scrolls of remove curse
 i - 4 scrolls of fear
 o - 2 scrolls of fog
 r - 2 scrolls of noise {unknown}
 t - 3 scrolls of immolation
 B - 2 scrolls of holy word
 D - 2 scrolls of magic mapping
 E - a scroll of amnesia {unknown}
 Y - a scroll of torment {unknown}
Potions
 f - 3 potions of agility {unknown}
 j - 2 potions of magic {unknown}
 k - 7 potions of flight
 m - 8 potions of curing
 n - 2 potions of might {unknown}
 p - a potion of mutation {unknown}
 s - a potion of haste {unknown}
 v - 6 potions of lignification {unknown}
 G - 3 potions of brilliance {unknown}
 O - a potion of ambrosia {unknown}
 R - 2 potions of resistance {unknown}
Miscellaneous
 e - a lightning rod (4/4)
 V - a lamp of fire
Comestibles
 c - 12 rations


   Skills:
 + Level 12.7(12.4) Fighting
 + Level 17.2(17.0) Maces & Flails
 + Level 5.4(5.2) Throwing
 + Level 13.2(13.0) Armour
 + Level 4.8(4.6) Dodging
 + Level 2.7(2.5) Stealth
 + Level 14.8(14.6) Shields
 + Level 1.5(1.3) Evocations


You had 13 spell levels left.
You didn't know any spells.
Your spell library contained the following spells:

 Spells                   Type           Power        Failure   Level  Hunger
 Sublimation of Blood     Necr           #.........   100%        2    ###....
 Ignite Poison            Fire/Tmut/Pois #.......     100%        3    ####...
 Petrify                  Tmut/Erth      #.......     100%        4    #####..
 Alistair's Intoxication  Tmut/Pois      #.......     100%        5    ######.
 Irradiate                Conj/Tmut      #.........   100%        5    ######.


Dungeon Overview and Level Annotations

Branches:
Dungeon (12/15)            Temple (0/1) D:4            Lair (6/6) D:10
 Shoals (0/4) Lair:3       Spider (0/4) Lair:2        Slime (0/5) Lair:5
    Orc (2/2) D:12
    Elf: Orc:2

Altars:
Dithmenos
Gozag
Kikubaaqudgha
Makhleb
Trog
Uskayaw
Vehumet
Xom
Yredelemnul
Zin
The Shining One
Beogh

Shops:
D:4 [}==   D:9 %

Annotations:
Orc:2 Saint Roka


Innate Abilities, Weirdness & Mutations

You reflexively headbutt those who attack you in melee.
You have a pair of horns on your head.


Message History

You block Saint Roka's attack.
You closely miss Saint Roka. Your headbutt misses Saint Roka.
Saint Roka is almost dead.
Saint Roka mumbles some strange prayers to Beogh against you.
Beogh smites you!
* * * LOW HITPOINT WARNING * * *
You hear a shout!
As you read the scroll of summoning, it crumbles to dust.
Wisps of shadow whirl around you...
Your orc wizard dissolves into shadows!
You block Saint Roka's attack.
You sock Saint Roka! Your headbutt misses Saint Roka.
Saint Roka is almost dead.
Your ogre closely misses the orc warrior.
You hit Saint Roka. Your headbutt misses Saint Roka.
Saint Roka is almost dead.
Your ogre closely misses Saint Roka.
Saint Roka mumbles some strange prayers to Beogh against you.
Beogh smites you!
You die...

##.............#.##.####
#.........##..).o...8..
#......o..###.)..o.....
...........# #)[.....o..
###....#.....###..O...o.o
.....###o..o...))†.o.8o.
..... .#.....O)##..####
..# ###o..oOo).#...#
###...@.#)#.##
#......###### #.......
.........# ......#.##
...##.### ..# ## ..


You could see Saint Roka, 3 orc warriors, an orc (fleeing), a friendly orc
warrior, 3 friendly ogres and 2 friendly orcs.

Vanquished Creatures
  7 hydras
  Harold (D:10)
  A centaur warrior (D:12)
  3 two-headed ogres
  4 death yaks (Lair:6)
  An unseen horror (D:11)
  5 lindwurms (Lair:3)
  A deep elf mage (D:12)
  2 orc sorcerers
  2 manticores (Lair:6)
  3 cyclopes
  6 black mambas
  Maurice (D:12)
  20 elephants
  A torpor snail (Lair:6)
  6 spiny frogs
  A kobold demonologist (D:10)
  4 rime drakes
  5 komodo dragons
  A troll (Orc:1)
  Prince Ribbit (D:8)
  2 polar bears
  A hornet (Lair:2)
  6 hippogriffs
  3 slime creatures (D:12)
  16 blink frogs
  3 dream sheep
  3 redbacks (Lair:2)
  2 wyverns
  29 yaks
  2 vampires
  5 basilisks
  A hungry ghost (D:11)
  A soldier ant (D:12)
  An acid dragon (D:12)
  11 water moccasins
  6 porcupines
  3 ice beasts
  2 black bears
  23 orc warriors
  An eye of draining (D:9)
  4 sky beasts
  6 ogres
  2 wolves
  A necrophage (D:9)
  4 phantoms
  15 centaurs
  10 crocodiles
  20 big kobolds (D:10)
  15 bullfrogs
  A wyvern zombie (D:6)
  7 killer bees
  4 howler monkeys
  3 wights (D:10)
  6 crimson imps
  2 bullfrog zombies
  4 jellies
  2 centaur zombies
  15 orc priests
  A centaur skeleton (D:6)
  7 hounds
  14 orc wizards
  A bullfrog skeleton (D:8)
  5 iguanas
  11 worker ants
  2 hound skeletons (D:4)
  A howler monkey skeleton (D:9)
  2 worker ant zombies
  14 adders
  2 gnolls (D:8)
  3 river rats (D:3)
  4 shadow imps
  2 white imps (Lair:5)
  An ooze (D:1)
  3 adder zombies (D:6)
  An adder skeleton (D:9)
  3 worms
  A dart slug (D:2)
  8 leopard geckos
  90 orcs
  5 giant cockroaches
  9 goblins
  9 hobgoblins
  14 jackals
  4 quokkas
  3 ball pythons
  2 bats (D:1)
  8 frilled lizards
  2 gnoll zombies (D:5)
  A jackal skeleton (D:5)
  20 kobolds
  A quokka zombie (D:5)
  10 rats
  A plant (Lair:6)
583 creatures vanquished.

Vanquished Creatures (collateral kills)
  A catoblepas (Lair:6)
  A hydra (Lair:6)
  5 death yaks (Lair:6)
  An orc high priest (Orc:2)
  Nergalle (Lair:1)
  3 lindwurms
  An orc sorcerer (Orc:2)
  2 komodo dragons
  4 blink frogs
  4 dream sheep (Lair:4)
  3 yaks
  2 water moccasins
  4 orc warriors
  3 wolves (Lair:2)
  2 centaurs (Bailey)
  A crocodile (Lair:6)
  A gnoll sergeant (D:8)
  A crimson imp (D:10)
  3 orc priests
  An orc wizard (D:8)
  3 gnolls (D:8)
  10 white imps (Lair:5)
  7 orcs
64 creatures vanquished.

Vanquished Creatures (others)
  A dream sheep (Lair:6)
  A bush (Lair:6)
  6 fungi
  A plant (Lair:6)
9 creatures vanquished.

Grand Total: 656 creatures vanquished

Notes
Turn   | Place    | Note
-------+----------+-------------------------------------------
     0 | D:1      | cklessthan3 the Minotaur Berserker began the quest for the
                  | Orb.
     0 | D:1      | Reached XP level 1. HP: 19/19 MP: 0/0
    76 | D:1      | Reached XP level 2. HP: 22/27 MP: 1/1
    98 | D:1      | Reached skill level 4 in Maces & Flails
   419 | D:2      | Reached XP level 3. HP: 32/33 MP: 2/2
   462 | D:2      | Reached ** piety under Trog
   981 | D:3      | Found a shadowy altar of Dithmenos.
  1093 | D:3      | Reached XP level 4. HP: 30/41 MP: 3/3
  1342 | D:3      | Found a hide-covered altar of Uskayaw.
  1548 | D:3      | Reached XP level 5. HP: 45/47 MP: 4/4
  1625 | D:3      | Reached *** piety under Trog
  1627 | D:3      | Reached skill level 5 in Maces & Flails
  1673 | D:3      | Found an opulent altar of Gozag.
  1676 | D:3      | Found a glowing silver altar of Zin.
  1875 | D:3      | Reached skill level 5 in Fighting
  2071 | D:4      | Found Joempael's Jewellery Boutique.
  2209 | D:4      | Reached XP level 6. HP: 47/56 MP: 5/5
  2253 | D:4      | Found Noddu's Gadget Shop.
  2257 | D:4      | Bought a wand of paralysis (7) for 117 gold pieces
  2458 | D:4      | Found Mate's Jewellery Boutique.
  2616 | D:4      | Found a staircase to the Ecumenical Temple.
  2769 | D:4      | Found Mourot's Antique Armour Shoppe.
  3025 | D:5      | Entered Level 5 of the Dungeon
  3040 | D:5      | Found a shimmering altar of Xom.
  3066 | D:5      | Reached **** piety under Trog
  3066 | D:5      | Reached skill level 6 in Maces & Flails
  3136 | D:5      | Found a basalt altar of Yredelemnul.
  3199 | D:5      | Reached XP level 7. HP: 26/62 MP: 6/6
  3230 | D:5      | Reached skill level 5 in Armour
  3504 | D:5      | Reached skill level 7 in Maces & Flails
  3931 | D:6      | Reached skill level 8 in Maces & Flails
  3937 | D:6      | Reached XP level 8. HP: 42/70 MP: 7/7
  4019 | D:6      | Reached skill level 9 in Maces & Flails
  4603 | D:6      | Reached ***** piety under Trog
  4810 | D:7      | Reached skill level 10 in Maces & Flails
  4820 | D:7      | Reached XP level 9. HP: 52/79 MP: 8/8
  4836 | D:7      | Found a glowing golden altar of the Shining One.
  4848 | D:7      | Noticed a two-headed ogre
  4860 | D:7      | Killed a two-headed ogre
  4860 | D:7      | Reached skill level 11 in Maces & Flails
  4860 | D:7      | Reached skill level 1 in Stealth
  4860 | D:7      | Reached skill level 1 in Shields
  5589 | D:8      | Noticed a two-headed ogre
  5595 | D:8      | Killed a two-headed ogre
  5641 | D:8      | Found a flagged portal.
  5651 | Bailey   | Entered a bailey
  5671 | Bailey   | Reached XP level 10. HP: 69/88 MP: 9/9
  5733 | Bailey   | Reached skill level 5 in Shields
  6158 | Bailey   | Reached skill level 12 in Maces & Flails
  6158 | Bailey   | Reached skill level 1 in Evocations
  6192 | Bailey   | Reached skill level 1 in Throwing
  6969 | Bailey   | Got an encrusted hunting sling
  7078 | D:8      | Noticed Prince Ribbit
  7128 | D:8      | Killed Prince Ribbit
  7137 | D:8      | Found a bloodstained altar of Trog.
  7175 | D:8      | Found a radiant altar of Vehumet.
  7375 | D:8      | Received a gift from Trog
  7609 | D:9      | Found Sietteim's Food Shoppe.
  7652 | D:9      | Bought a ration for 65 gold pieces
  7652 | D:9      | Bought a ration for 65 gold pieces
  7652 | D:9      | Bought a ration for 65 gold pieces
  7652 | D:9      | Bought a ration for 65 gold pieces
  7652 | D:9      | Bought a ration for 65 gold pieces
  7734 | D:9      | Noticed a two-headed ogre
  7743 | D:9      | Killed a two-headed ogre
  8135 | D:9      | Found a shimmering altar of Xom.
  8135 | D:9      | Found a burning altar of Makhleb.
  8138 | D:9      | Reached skill level 10 in Armour
  8154 | D:9      | Found an ancient bone altar of Kikubaaqudgha.
  8261 | D:10     | Entered Level 10 of the Dungeon
  8273 | D:10     | Reached XP level 11. HP: 95/95 MP: 3/11
  8480 | D:10     | Identified the +5 hunting sling of Valour {speed, Str+5
                  | Dex+3} (You found it in a bailey)
  8664 | D:10     | Reached skill level 13 in Maces & Flails
  8687 | D:10     | Received a gift from Trog
  8851 | D:10     | Received a gift from Trog
  8925 | D:10     | Paralysed by a vampire for 5 turns
  9118 | D:10     | Found a staircase to the Lair.
  9135 | D:10     | Noticed Harold
  9144 | D:10     | Killed Harold
  9206 | Lair:1   | Entered Level 1 of the Lair of Beasts
  9430 | Lair:1   | Reached skill level 14 in Maces & Flails
  9492 | Lair:1   | Noticed Nergalle
  9493 | Lair:1   | Noticed a spectral orc warlord
  9494 | Lair:1   | Noticed a spectral orc warlord
  9502 | Lair:1   | Killed Nergalle
 10236 | Lair:2   | Reached XP level 12. HP: 106/106 MP: 4/12
 10261 | Lair:2   | Found a hole to the Spider Nest.
 10374 | Lair:2   | Reached skill level 10 in Shields
 10815 | Lair:2   | Noticed a seven-headed hydra
 10833 | Lair:2   | Killed a seven-headed hydra
 11128 | Lair:2   | Noticed a six-headed hydra
 11133 | Lair:2   | Killed a six-headed hydra
 11133 | Lair:2   | Reached skill level 10 in Fighting
 11727 | Lair:3   | Identified a scroll of acquirement
 11757 | Lair:3   | Found a staircase to the Shoals.
 11898 | Lair:3   | Identified the Volume of Doomed Flight
 12202 | Lair:3   | Reached skill level 15 in Maces & Flails
 12353 | Lair:3   | Got a pitted war axe
 12355 | Lair:3   | Got a fine great sword
 12369 | Lair:3   | Identified the cursed +1 war axe of Quantum Leap {flame,
                  | +Fly rElec rF+ Stlth+} (You found it on level 3 of the Lair
                  | of Beasts)
 12545 | Lair:3   | Reached skill level 5 in Throwing
 13429 | Lair:5   | Noticed a four-headed hydra
 13436 | Lair:5   | Killed a four-headed hydra
 13436 | Lair:5   | Reached XP level 13. HP: 110/114 MP: 4/13
 13523 | Lair:5   | Found a frozen archway.
 13670 | Lair:5   | You fall through a shaft!
 13670 | Lair:6   | Entered Level 6 of the Lair of Beasts
 13715 | Lair:6   | Found a glowing golden altar of the Shining One.
 13843 | Lair:5   | Found a staircase to the Slime Pits.
 14565 | Lair:5   | Reached skill level 16 in Maces & Flails
 15738 | Lair:6   | Reached XP level 14. HP: 91/125 MP: 4/14
 16207 | Lair:6   | Received a gift from Trog
 17675 | D:12     | Identified the +6 great sword of Qazlal's Delight {slice,
                  | -Tele Str+9 Dex+4} (You found it on level 3 of the Lair of
                  | Beasts)
 17699 | D:12     | Received a gift from Trog
 17699 | D:12     | Reached skill level 17 in Maces & Flails
 17725 | D:12     | Found a staircase to the Orcish Mines.
 17776 | D:12     | Found a roughly hewn altar of Beogh.
 18666 | D:12     | Noticed Maurice
 18676 | D:12     | Killed Maurice
 18773 | Orc:1    | Entered Level 1 of the Orcish Mines
 19065 | Orc:1    | Found a roughly hewn altar of Beogh.
 19097 | Orc:1    | Received a gift from Trog
 19193 | Orc:1    | Reached ****** piety under Trog
 19365 | Orc:2    | Entered Level 2 of the Orcish Mines
 19609 | Orc:2    | Received a gift from Trog
 19623 | Orc:2    | Noticed Saint Roka
 19651 | Orc:2    | HP: 3/127 [Saint Roka/divine providence (12)]
 19654 | Orc:2    | Killed from afar by Saint Roka

Skill      XL: |  1  2  3  4  5  6  7  8  9 10 11 12 13 14 |
---------------+-------------------------------------------+-----
Fighting       | 4 5 6 7 8 9 10 11 12 | 12.7
Maces & Flails | 4 5 6 8 10 11 12 14 15 16 17 | 17.2
Armour         | 3 4 6 7 8 10 11 12 13 | 13.2
Dodging        | 3 4 |  4.8
Stealth        | 1 2 |  2.7
Shields        | 4 7 9 12 13 14 | 14.8
Evocations     | 1 |  1.5
Throwing       | 3 5 |  5.4

Action                   |  1- 3 |  4- 6 |  7- 9 | 10-12 | 13-15 || total
-------------------------+-------+-------+-------+-------+-------++-------
Melee: Mace              |    91 |   148 |   235 |   114 |       ||   588
       Headbutt          |     8 |    23 |    60 |   156 |   165 ||   412
       Eveningstar       |       |       |       |   648 |   459 ||  1107
       Morningstar       |       |       |       |       |   245 ||   245
Throw: Tomahawk          |       |       |       |    27 |       ||    27
       Javelin           |       |       |       |    87 |     3 ||    90
Invok: Trog's Hand       |       |       |     4 |     9 |     3 ||    16
       Brothers in Arms  |       |       |       |    11 |     6 ||    17
       Berserk           |       |       |       |       |     2 ||     2
 Abil: Evoke Flight      |       |       |       |     1 |       ||     1
Evoke: Wand              |       |       |     3 |    23 |       ||    26
  Use: Scroll            |     1 |       |    12 |    23 |    13 ||    49
       Potion            |       |       |       |     4 |     1 ||     5
 Stab: Distracted        |       |       |       |     1 |     1 ||     2
       Petrified         |       |       |       |       |     2 ||     2
  Eat: Chunk             |       |     5 |     3 |       |       ||     8
       Ration            |       |     1 |     4 |     8 |     8 ||    21
Armor: Ring mail         |    36 |     4 |       |       |       ||    40
       Animal skin       |     1 |       |       |       |       ||     1
       Scale mail        |       |    26 |       |       |       ||    26
       Chain mail        |       |    38 |   130 |    13 |       ||   181
       Plate armour      |       |       |       |   328 |   258 ||   586
Dodge: Dodged            |    54 |    75 |    81 |   123 |    99 ||   432
Block: Large shield      |       |       |    71 |   740 |   649 ||  1460
